 Dungeon Crawl Stone Soup version 0.31-a0-986-g5e6e4ef867 (webtiles) character file.

Game seed: 10137390913450065873

1657 croobank the Ruffian (level 9, -2/60 HPs)
             Began as an Octopode Shapeshifter on Nov 3, 2023.
             Was an Initiate of Ashenzari.
             Slain by a two-headed ogre
             ... wielding a +0 giant club
              (7 damage)
             ... on level 5 of the Dungeon.
             The game lasted 00:16:47 (4117 turns).

croobank the Ruffian (Octopode Shapeshifter)        Turns: 4117, Time: 00:16:48

Health: -2/60      AC:  3    Str: 13    XL:     9   Next: 0%
Magic:  9/9        EV: 14    Int: 25    God:    Ashenzari [......]
Gold:   276        SH:  0    Dex: 11    Spells: 8/8 levels left

rFire   . . .        u - +4 whip of the Usurping Gods {speed, Int+2}
rCold   . . .        (no shield)
rNeg    . . .        (helmet currently unavailable)
rPois   .            (no amulet)
rElec   .            k - +6 ring of intelligence
rCorr   .            (no ring)
SInv    .            (no ring)
Will    .....        (no ring)
Stlth   ++           (no ring)
HPRegen 0.30/turn    (no ring)
MPRegen 0.11/turn    (no ring)
                     (no ring)

%: clarity
@: brilliant, beast-form
A: beast (slay +3), almost no armour, amphibious, 8 rings, camouflage 1,
gelatinous body 1, (nimble swimmer 1), tentacles, iridescent scales 1, clarity,
inability to drink after injury 1
a: Begin Untransformation, Renounce Religion


You were on level 5 of the Dungeon.
You worshipped Ashenzari.
Ashenzari was noncommittal.
You were a hulking beast.
You visited 2 branches of the dungeon, and saw 6 of its levels.

You collected 276 gold pieces.

Inventory:

Hand Weapons
 e - a +0 short sword
 f - a +0 dagger
 o - a +0 war axe
 p - a +2 heavy flail
 u - the +4 whip of the Usurping Gods (weapon) {speed, Int+2}
   (You found it on level 4 of the Dungeon)

   Int+2:     It affects your intelligence (+2).
 w - a +5 spear
 x - a +0 long sword
Missiles
 d - 7 poisoned darts
 i - 6 darts of dispersal
 l - 2 boomerangs
 r - 2 silver javelins (quivered)
Jewellery
 k - a +6 ring of intelligence (left tentacle)
Talismans
 b - a beast talisman
 c - a flux talisman
Wands
 h - a wand of mindburst (9)
 v - a wand of digging (3)
Scrolls
 q - a scroll of immolation
 t - a scroll of amnesia
 y - a scroll of identify {unknown}
 A - a scroll of blinking {unknown}
 B - a scroll of teleportation
Potions
 a - a potion of lignification
 j - a potion of haste {unknown}
 m - 3 potions of degeneration
 n - 2 potions of cancellation
 s - 2 potions of mutation
 z - a potion of heal wounds {unknown}


   Skills:
 + Level 4.9 Fighting
 * Level 4.8 Throwing
 + Level 5.3 Dodging
 + Level 5.6 Unarmed Combat
 + Level 5.3 Shapeshifting


You had 8 spell levels left.
You didn't know any spells.
Your spell library was empty.

Dungeon Overview and Level Annotations

Branches:
Dungeon (5/15)             Temple (1/1) D:5

Altars:
Ashenzari
Cheibriados
Dithmenos
Elyvilon
Fedhas
Hepliaklqana
Kikubaaqudgha
Makhleb
Nemelex Xobeh
Okawaru
Qazlal
Ru
Sif Muna
Trog
Uskayaw
Vehumet
Xom
Yredelemnul
Zin
The Shining One


Innate Abilities, Weirdness & Mutations

You are a hulking beast.
Your limbs bulge with bestial killing power. (Slay +3)
You cannot wear most types of armour.
You are amphibious.
You can wear up to eight rings at the same time.
Your skin changes colour to match your surroundings (Stealth+).
Your rubbery body absorbs attacks. (AC +1, EV +1)
((You are camouflaged when in or above water. (Stealth+)))
You have tentacles for arms and can constrict up to eight enemies at once.
You are partially covered in iridescent scales. (AC +2)
You possess an exceptional clarity of mind.
You occasionally lose the ability to drink potions when taking damage.


Message History

Throw: 4 javelins (silver)
Press: ? - help, Q - select action, (/) - cycle Shift-Dir - straight line, f/p - two-headed ogre
Aim: a two-headed ogre, wielding a +0 giant club and a +0 giant spiked club (moderately wounded, 76% to hit)
You throw a silver javelin.
The silver javelin pierces through the two-headed ogre!
The two-headed ogre is heavily wounded.
The two-headed ogre barely misses you.
The two-headed ogre hits you with a +0 giant spiked club.
Throw: 3 javelins (silver)
Press: ? - help, Q - select action, (/) - cycle Shift-Dir - straight line, f/p - two-headed ogre
Aim: a two-headed ogre, wielding a +0 giant club and a +0 giant spiked club (heavily wounded, 76% to hit)
You throw a silver javelin.
The silver javelin pierces through the two-headed ogre but does no damage.
The two-headed ogre is heavily wounded.
You whack the two-headed ogre!
Your squeeze misses the two-headed ogre.
The two-headed ogre is severely wounded.
The two-headed ogre hits you with a +0 giant club!!
* * * LOW HITPOINT WARNING * * *
The two-headed ogre completely misses you.
You closely miss the two-headed ogre.
The two-headed ogre is severely wounded.
Okay, then.
Okay, then.
Okay, then.
What are your orders? t - Shout!
Orders for allies: a - Attack new target. p - Attack previous target. r - Retreat! s - Stop attacking. g - Guard the area. f - Follow me.
Anything else - Cancel.
Gang up on whom?
Press: ? - help, Dir - move target, f/p - two-headed ogre
Aim: a two-headed ogre, wielding a +0 giant club and a +0 giant spiked club (severely wounded)
Okay, then.
It was a potion of brilliance.
You feel clever all of a sudden. The two-headed ogre closely misses you.
The two-headed ogre hits you with a +0 giant spiked club!
You die...

.. ##.# .# ##...# .#
##....## .. ......#
.# # ####.....# #
.##.#
.....>#.##.##....#
######.........#hO.(#
...............#.##.#
..............##.#
.......##.######.#
..####.##.....##.#
.## #........##.# .#
####.....##.# .#
............# .#
###......####


You could see a two-headed ogre.

Vanquished Creatures
  Menkaure (D:5)
  A water moccasin (D:4)
  3 black bears
  2 ogres (D:5)
  A phantom (D:5)
  3 scorpions
  4 wights (D:4)
  3 hounds
  A jelly (D:5)
  3 orc priests
  4 orc wizards
  Jessica (D:3)
  6 gnolls
  5 adders
  A white imp (D:5)
  2 worms
  4 dart slugs
  21 orcs
  2 endoplasms
  2 giant cockroaches
  9 goblins
  7 hobgoblins
  5 jackals (D:1)
  10 kobolds
  3 quokkas
  8 ball pythons
  6 bats
  2 frilled lizards (D:3)
  6 rats
126 creatures vanquished.

Notes
Turn   | Place    | Note
-------+----------+-------------------------------------------
     0 | D:1      | croobank the Octopode Shapeshifter began the quest for the
                  | Orb.
     0 | D:1      | Reached XP level 1. HP: 13/13 MP: 1/1
    58 | D:1      | Reached XP level 2. HP: 17/18 MP: 2/2
   359 | D:1      | Reached XP level 3. HP: 13/23 MP: 3/3
   961 | D:2      | Reached XP level 4. HP: 29/29 MP: 4/4
  1221 | D:2      | Reached XP level 5. HP: 15/35 MP: 5/5
  1437 | D:3      | Found a hide-covered altar of Uskayaw.
  1523 | D:3      | Noticed Jessica
  1537 | D:3      | Killed Jessica
  1757 | D:3      | Found a faded altar of an unknown god.
  1977 | D:3      | Reached XP level 6. HP: 41/41 MP: 6/6
  2227 | D:3      | Gained mutation: You occasionally lose the ability to drink
                  | potions when taking damage. [potion of mutation]
  2227 | D:3      | Gained mutation: You are partially covered in iridescent
                  | scales. (AC +2) [potion of mutation]
  2227 | D:3      | Gained mutation: You possess an exceptional clarity of
                  | mind. [potion of mutation]
  2556 | D:4      | Identified the +4 whip of the Usurping Gods {speed, Int+2}
  2635 | D:4      | Noticed a black bear
  2640 | D:4      | Killed a black bear
  2641 | D:4      | Reached skill level 1 in Throwing
  2641 | D:4      | Reached XP level 7. HP: 46/46 MP: 7/7
  3241 | D:4      | Reached skill level 5 in Unarmed Combat
  3241 | D:4      | Reached XP level 8. HP: 36/54 MP: 8/8
  3490 | D:4      | Found a white marble altar of Elyvilon.
  3671 | D:5      | Entered Level 5 of the Dungeon
  3671 | D:5      | Noticed Menkaure
  3674 | D:5      | Killed Menkaure
  3803 | D:5      | Reached skill level 5 in Dodging
  3803 | D:5      | Reached skill level 5 in Shapeshifting
  3929 | D:5      | Found a staircase to the Ecumenical Temple.
  3938 | Temple   | Entered the Ecumenical Temple
  3948 | Temple   | Became a worshipper of Ashenzari the Shackled
  4027 | D:5      | Reached XP level 9. HP: 60/60 MP: 9/9
  4108 | D:5      | Noticed a two-headed ogre
  4117 | D:5      | Slain by a two-headed ogre

Illustrated notes

Levels and vault maps discovered:
D:1:      spicycebolla_green_bress_n_ham_2, layout_loops_cross
D:2:      layout_loops_cross
D:3:      cheibrodos_pilgrimage, layout_rooms, eat_drink_and_be_merry_uskayaw,
          hellmonk_ecumenical_altar_blasted, corexii_shack, uniq_jessica
D:4:      layout_basic, kennysheep_little_box
D:5:      black_bear_nest_1, layout_basic, minmay_temple_entry_wispy,
          item_on_display_a, uniq_menkaure, uniq_prince_ribbit1, uniq_duvessa
Temple:   regret_index_temple_chain_breaker

Skill      XL: |  1  2  3  4  5  6  7  8 |
---------------+-------------------------+-----
Fighting       | 2 3 4 |  4.9
Dodging        | 3 4 5 |  5.3
Unarmed Combat | 4 5 |  5.6
Shapeshifting  | 4 5 |  5.3
Throwing       | 1 3 4 |  4.8

Action                     |  1- 3 |  4- 6 |  7- 9 || total
---------------------------+-------+-------+-------++-------
  Melee: Unarmed           |    69 |    85 |       ||   154
         Tentacles         |    14 |    15 |    18 ||    47
         Constrict         |    14 |    31 |    19 ||    64
         Punch             |       |     6 |     3 ||     9
         Whip              |       |    20 |    84 ||   104
  Throw: Dart              |       |     5 |       ||     5
         Boomerang         |       |    12 |     6 ||    18
         Javelin           |       |       |    31 ||    31
  Evoke: Wand              |       |     3 |       ||     3
    Use: Scroll            |     4 |     2 |       ||     6
         Potion            |       |     3 |     1 ||     4
   Stab: Sleeping          |    10 |     2 |     5 ||    17
 Armour: Skin              |    21 |    44 |    43 ||   108
  Dodge: Dodged            |    33 |    60 |    43 ||   136

Table legend: (Time is in decaauts)
 A = Elapsed time spent in this place.
 B = Non-inter-level travel time spent in this place.
 C = Inter-level travel time spent in this place.
 D = Time resting spent in this place.
 E = Time spent auto-exploring this place.
 F = Levels seen in this place.
 G = Mean time per level.
                   A        B        C        D        E       F      G
               +--------+--------+--------+--------+--------+-----+--------+
         Total |   4096 |   4003 |     93 |   1379 |   1658 |   6 |  682.7 |
       Dungeon |   4076 |   4002 |     74 |   1379 |   1658 |   5 |  815.2 |
        Temple |     20 |      1 |     19 |      0 |      0 |   1 |   20.0 |
               +--------+--------+--------+--------+--------+-----+--------+

Top non-repeatable levels by time:
     D:4: 1161 daAuts
     D:3: 1087 daAuts
     D:2: 883 daAuts
     D:1: 538 daAuts
     D:5: 405 daAuts
  Temple: 20 daAuts
